 Dungeon Crawl Stone Soup version 0.13-a0-2682-gb26bf1a (webtiles) character file.

355 Kae the Ruinous (level 5, -5/28 HPs)
             Began as a Tengu Fire Elementalist on Aug 13, 2013.
             Slain by a green rat (9 damage)
             ... in a sewer.
             The game lasted 00:06:13 (2735 turns).

Kae the Ruinous (Tengu Fire Elementalist)           Turns: 2735, Time: 00:06:14

HP  -5/28        AC  3     Str 13      XL: 5   Next: 94%
MP   0/12        EV 12     Int 16      God:
Gold 138         SH  0     Dex 15      Spells:  3 memorised,  3 levels left

Res.Fire  : . . .   See Invis. : .   (no weapon)
Res.Cold  : . . .   Warding    : .   a - +0 robe
Life Prot.: . . .   Conserve   : .   (no shield)
Res.Poison: .       Res.Corr.  : .   (helmet restricted)
Res.Elec. : .       Clarity    : .   d - +0 cloak
Sust.Abil.: . .     Spirit.Shd : .   (no gloves)
Res.Mut.  : .       Stasis     : .   (boots unavailable)
Res.Rott. : .       Flight     : .   (no amulet)
Saprovore : . . .                    h - +2 ring of strength
                                     q - +3 ring of strength

@: very slightly contaminated, slightly resistant to hostile enchantments,
fairly stealthy
A: able to fly, beak, talons 3
a: Fly


You were in a sewer.
You were very hungry.

You visited 1 branch of the dungeon, and saw 3 of its levels.
You also visited: Sewer.

You collected 118 gold pieces.

Inventory:

Missiles
 j - 42 darts (quivered)
Armour
 a - a +0 robe (worn)
 d - a +0 cloak (worn)
Comestibles
 c - a bread ration
 g - 2 meat rations
 i - 10 sultanas
 s - an apricot
Scrolls
 m - 3 scrolls of identify
 n - 4 scrolls of remove curse
 p - a scroll of magic mapping {unknown}
Jewellery
 h - a +2 ring of strength (right hand)
 k - an uncursed ring of teleportation
 q - a +3 ring of strength (left hand)
Potions
 e - a potion of curing
 f - 2 potions of magic
 l - 3 potions of might
 o - a potion of invisibility {unknown}
 r - a potion of restore abilities {unknown}
 t - a potion of heal wounds {unknown}
 u - 2 potions of brilliance {unknown}
Books
 b - a book of Flames

   Spells                             Type                      Level
   *Flame Tongue                      Conjuration/Fire             1
   *Throw Flame                       Conjuration/Fire             2
   *Conjure Flame                     Conjuration/Fire             3
   Inner Flame                        Hexes/Fire                   3
   Sticky Flame                       Conjuration/Fire             4
   Fireball                           Conjuration/Fire             5


   Skills:
 - Level 2.1 Dodging
 - Level 2.0 Stealth
 + Level 2.9 Spellcasting
 * Level 5.0 Conjurations
 + Level 4.4 Fire Magic


You had 3 spell levels left.
You knew the following spells:

 Your Spells              Type           Power        Failure   Level  Hunger
a - Flame Tongue          Conj/Fire      ###..        3%          1    #......
b - Throw Flame           Conj/Fire      ###...       6%          2    ##.....
c - Conjure Flame         Conj/Fire      ###.....     12%         3    ###....


Dungeon Overview and Level Annotations

Branches:
Dungeon (3/27)

Altars:
Makhleb

Annotations
D:3 tcjsavannah's ghost, average HEWr


Innate Abilities, Weirdness & Mutations

You can fly.
You have a beak for a mouth.
You have claws for feet.


Message History

The green rat misses you.
Casting: Flame Tongue
Confirm with . or Enter, or press ? or * to list all spells.
Aiming: Flame Tongue
Press: ? - help, Shift-Dir - straight line, f/p - green rat
Aim: a green rat (severely wounded)
The flame misses the green rat.
The grey rat bites you.
* * * LOW HITPOINT WARNING * * *
The green rat bites you.
* * * LOW HITPOINT WARNING * * *
Casting: Flame Tongue
Confirm with . or Enter, or press ? or * to list all spells.
Aiming: Flame Tongue
Press: ? - help, Shift-Dir - straight line, f/p - green rat
Aim: a green rat (severely wounded)
The flame hits the green rat.
The green rat appears unharmed.
The green rat is severely wounded.
The grey rat bites you but does no damage.
The grey rat closely misses you. The green rat bites you!
You die...

...........................).)
..................≈≈≈..≈≈≈≈#..
≈≈≈.≈..........≈.≈.≈≈≈≈≈≈≈≈#..
≈≈≈≈≈.........≈≈≈≈≈≈≈≈≈≈≈≈###
≈≈≈≈.≈≈.≈≈.≈≈≈≈≈≈≈≈≈≈≈≈≈≈#
≈≈≈≈≈≈≈≈≈≈≈≈≈≈≈≈≈≈≈≈≈≈≈≈≈#
≈≈≈≈≈≈≈≈≈%≈≈≈≈≈≈≈≈≈≈≈≈≈#≈
≈≈≈..≈..≈r≈.≈≈≈≈≈≈≈≈≈≈≈≈≈#
.≈.....S.r@≈≈≈S≈.≈≈≈≈≈≈≈#
.........r##......#
#........####..... #.......#
..... ......... .....
...####.. . ## ##.. ##


You could see a green rat, 2 grey rats and 2 ball pythons.

Vanquished Creatures
  An orc wizard (D:3)
  8 adders
  A giant mite (D:3)
  2 worms
  3 grey rats (Sewer)
  2 giant geckos (D:3)
  An ooze (D:2)
  8 orcs (D:3)
  7 ball pythons
  A giant cockroach (D:1)
  10 hobgoblins
  A quokka (D:3)
  7 bats
  3 giant newts
  10 goblins
  14 kobolds
  15 rats
94 creatures vanquished.

Notes
Turn   | Place    | Note
--------------------------------------------------------------
     0 | D:1      | Kae, the Tengu Fire Elementalist, began the quest for the Orb.
     0 | D:1      | Reached XP level 1. HP: 10/10 MP: 3/3
   321 | D:1      | Reached XP level 2. HP: 13/15 MP: 5/5
   648 | D:1      | Reached XP level 3. HP: 15/19 MP: 5/7
  1313 | D:2      | Reached XP level 4. HP: 24/24 MP: 7/9
  1538 | D:2      | Found a burning altar of Makhleb.
  1538 | D:2      | Noticed a cacodemon
  1655 | D:2      | Reached skill level 4 in Fire Magic
  2132 | D:3      | Reached XP level 5. HP: 26/28 MP: 4/12
  2413 | D:3      | Learned a level 2 spell: Throw Flame
  2417 | D:3      | Learned a level 3 spell: Conjure Flame
  2465 | D:3      | Found a glowing drain.
  2508 | D:3      | Noticed tcjsavannah's ghost (average HEWr)
  2510 | Sewer    | Entered a sewer
  2601 | Sewer    | Reached skill level 5 in Conjurations
  2735 | Sewer    | Slain by a green rat

Action                   |  1- 3 |  4- 6 || total
-------------------------+-------+-------++-------
Melee: Unarmed           |    46 |    16 ||    62
 Cast: Flame Tongue      |    56 |   109 ||   165
  Use: Scroll            |     6 |       ||     6
 Stab: Sleeping          |       |     1 ||     1
